 Dungeon Crawl Stone Soup version 0.30-a0-297-g0ec75d9ef4 (webtiles) character file.

Game seed: 9393206082579382070

32 Lobster4 the Grasshopper (level 3, 0/31 HPs)
             Began as a Gnoll Warper on Oct 18, 2022.
             Succumbed to a goblin's poison
             ... on level 2 of the Dungeon.
             The game lasted 00:03:40 (1316 turns).

Lobster4 the Grasshopper (Gnoll Warper)             Turns: 1316, Time: 00:03:41

Health: 0/31       AC:  3    Str: 12    XL:     3   Next: 27%
Magic:  9/9        EV: 12    Int: 12    God:
Gold:   63         SH:  0    Dex: 11    Spells: 12/12 levels left

rFire   + . .      SeeInvis .    a - +0 falchion
rCold   . . .      Faith    .    (no shield)
rNeg    . . .      Spirit   .    b - +0 leather armour
rPois   .          Reflect  .    (no helmet)
rElec   .          Harm     .    (no cloak)
rCorr   .          Rampage  .    (no gloves)
Will    .....                    (no boots)
Stlth   +.........               (no amulet)
HPRegen 0.25/turn                h - ring of protection from fire
MPRegen 0.11/turn                (no ring)

@: lethally poisoned (0 -> -14), hasted, very quick
A: fangs 1, strong nose, distributed training
a: no special abilities


You were on level 2 of the Dungeon.
You visited 1 branch of the dungeon, and saw 2 of its levels.

You collected 63 gold pieces.

Inventory:

Hand Weapons
 a - a +0 falchion (weapon)
Missiles
 d - 7 boomerangs of dispersal (quivered)
 g - 22 stones
 j - 6 silver javelins
 m - 4 poisoned darts
Armour
 b - a +0 leather armour (worn)
Jewellery
 h - a ring of protection from fire (left hand)
Scrolls
 c - a scroll of blinking
 l - a scroll of poison {unknown}
 p - a scroll of identify {unknown}
 q - a scroll of amnesia {unknown}
Potions
 f - 2 potions of curing {unknown}
 i - a potion of invisibility {unknown}
 k - 2 potions of ambrosia {unknown}
 o - a potion of heal wounds {unknown}


   Skills:
 + Level 4.5 Fighting
 + Level 0.7 Short Blades
 + Level 4.5 Long Blades
 + Level 0.7 Axes
 + Level 0.7 Maces & Flails
 + Level 0.7 Polearms
 + Level 0.7 Staves
 + Level 0.7 Ranged Weapons
 + Level 2.6 Throwing
 + Level 2.6 Armour
 + Level 4.5 Dodging
 + Level 0.7 Stealth
 + Level 0.7 Shields
 + Level 0.7 Unarmed Combat
 + Level 5.0 Spellcasting
 + Level 0.5 Conjurations
 + Level 0.5 Hexes
 + Level 0.5 Summonings
 + Level 0.5 Necromancy
 + Level 5.4 Translocations
 + Level 0.5 Transmutations
 + Level 0.5 Fire Magic
 + Level 0.5 Ice Magic
 + Level 0.5 Air Magic
 + Level 0.5 Earth Magic
 + Level 0.5 Poison Magic
 + Level 0.9 Invocations
 + Level 0.7 Evocations


You had 12 spell levels left.
You didn't know any spells.
Your spell library contained the following spells:

 Spells                   Type           Power      Damage    Failure   Level
 Blink                    Tloc           32%        N/A       4%          2
 Gell's Gravitas          Tloc           16%        N/A       9%          3
 Lesser Beckoning         Tloc           32%        N/A       9%          3
 Teleport Other           Tloc           16%        N/A       9%          3
 Beastly Appendage        Tmut           8%         N/A       21%         1
 Vhi's Electric Charge    Tloc/Air       20%        N/A       22%         3
 Manifold Assault         Tloc           16%        N/A       26%         4
 Wereblood                Tmut           4%         N/A       30%         2
 Spider Form              Tmut/Pois      4%         N/A       52%         3


Dungeon Overview and Level Annotations

Branches:
Dungeon (2/15)

Altars:

Annotations:
D:2 Robin


Innate Abilities, Weirdness & Mutations

You have very sharp teeth.
Your uncanny sense of smell can sniff out nearby items.
Your experience applies equally to all skills.


Message History

Robin roars a battlecry!
The goblins go into a battle-frenzy!
The goblin closely misses you.
You hear a shout!
The goblin unwields a +0 dagger of venom.
It stops dripping with poison.
The goblin wields a +0 sling.
The goblin shoots a sling bullet.
The sling bullet misses you.
Items here: )) ††.
The goblin closely misses you.
You barely miss the goblin. The goblin hits you with a +0 dagger.
The goblin closely misses you.
You completely miss the goblin. The goblin hits you with a +0 dagger.
Robin throws the goblin at you!
You slash the goblin!
You kill the goblin!
The goblin unwields a +0 sling.
The goblin wields a +0 dagger of venom.
It begins to drip with poison!
The goblin hits you with a +0 dagger of venom.
You are poisoned.
The goblin attacks as you move away!
The goblin hits you with a +0 dagger of venom.
You are lethally poisoned!
You feel very sick.
The hobgoblin shouts!
You hear a shout!
The goblin unwields a +0 dagger of venom.
It stops dripping with poison.
The goblin wields a +0 sling.
The goblin shoots a sling bullet.
The sling bullet hits you.
* * * LOW HITPOINT WARNING * * *
Robin barely misses you.
Things that are here:
a +0 dagger; a goblin corpse You closely miss Robin.
* * * LOW HITPOINT WARNING * * *
You feel very sick. Robin hits you with a +0 trident.
* * * LOW HITPOINT WARNING * * *
The goblin shoots a sling bullet.
The sling bullet misses you.
The sling bullet hits Robin but does no damage.
It was a potion of haste.
You feel yourself speed up.
You die...

.....[...............
...##.................#
.......................
...##.#......g..######.
#. #................ #
#.........######.
#.........# #.
###########g......# #.
#.....g.@gg).#..### #.
#.##########.#..# #.
#.# #.#..# #. #.#
#.#..########. #.#
#.#....g.g.g.. #.#
#.##.########. #.#
#.#..#......#. #.#
#.#.##.####.#. #.#
#..†.....##.#.


You could see Robin, 2 hobgoblins and a goblin (strong).

Vanquished Creatures
  A worm (D:2)
  2 endoplasms (D:1)
  9 goblins
  3 hobgoblins
  2 kobolds (D:1)
  4 ball pythons (D:1)
  2 bats
  4 rats (D:1)
27 creatures vanquished.

Notes
Turn   | Place    | Note
-------+----------+-------------------------------------------
     0 | D:1      | Lobster4 the Gnoll Warper began the quest for the Orb.
     0 | D:1      | Reached XP level 1. HP: 20/20 MP: 6/6
   175 | D:1      | Reached XP level 2. HP: 26/26 MP: 7/7
   835 | D:2      | Noticed Robin
   880 | D:2      | Noticed an ogre
   990 | D:2      | Reached skill level 5 in Spellcasting
   990 | D:2      | Reached XP level 3. HP: 23/31 MP: 7/9
  1316 | D:2      | Succumbed to a goblin's poison

Illustrated notes

Levels and vault maps discovered:
D:1:      wander_arrival_abandoned_jail, layout_basic, glass_columns_c
D:2:      layout_basic, uniq_natasha, uniq_robin, uniq_crazy_yiuf_cottage

Skill      XL: |  1  2 |
---------------+-------+-----
Spellcasting   | 5 |  5.0
Fighting       | |  4.5
Short Blades   | |  0.7
Long Blades    | |  4.5
Axes           | |  0.7
Maces & Flails | |  0.7
Polearms       | |  0.7
Staves         | |  0.7
Ranged Weapons | |  0.7
Throwing       | |  2.6
Armour         | |  2.6
Dodging        | |  4.5
Stealth        | |  0.7
Shields        | |  0.7
Unarmed Combat | |  0.7
Conjurations   | |  0.5
Hexes          | |  0.5
Summonings     | |  0.5
Necromancy     | |  0.5
Translocations | |  5.4
Transmutations | |  0.5
Fire Magic     | |  0.5
Ice Magic      | |  0.5
Air Magic      | |  0.5
Earth Magic    | |  0.5
Poison Magic   | |  0.5
Invocations    | |  0.9
Evocations     | |  0.7

Action                   || total
-------------------------++-------
Melee: Falchion          ||    79
       Bite              ||     7
       Punch             ||     2
  Use: Scroll            ||     2
       Potion            ||     1
 Stab: Sleeping          ||     2
Armor: Leather armour    ||    25
Dodge: Dodged            ||    71

Table legend: (Time is in decaauts)
 A = Elapsed time spent in this place.
 B = Non-inter-level travel time spent in this place.
 C = Inter-level travel time spent in this place.
 D = Time resting spent in this place.
 E = Time spent auto-exploring this place.
 F = Levels seen in this place.
 G = Mean time per level.
                   A        B        C        D        E       F      G
               +--------+--------+--------+--------+--------+-----+--------+
         Total |   1324 |   1149 |    175 |     37 |    798 |   2 |  662.0 |
       Dungeon |   1324 |   1149 |    175 |     37 |    798 |   2 |  662.0 |
               +--------+--------+--------+--------+--------+-----+--------+

Top non-repeatable levels by time:
     D:1: 1008 daAuts
     D:2: 316 daAuts
